 Dungeon Crawl Stone Soup version 0.28.0-43-g3370ac3207 (webtiles) character file.

Game seed: 12744836257616858950

165 Slyrak the Skirmisher (level 5, -4/42 HPs)
             Began as a Demonspawn Berserker on Mar 5, 2022.
             Was a Believer of Trog.
             Killed from afar by a white imp (12 damage)
             ... with a puff of frost
             ... summoned by Eustachio
             ... on level 4 of the Dungeon.
             The game lasted 00:05:58 (3904 turns).

Slyrak the Skirmisher (Demonspawn Berserker)        Turns: 3904, Time: 00:05:59

Health: -4/42      AC:  9    Str: 20    XL:     5   Next: 22%
Magic:  5/5        EV: 11    Int:  8    God:    Trog [**....]
Gold:   150        SH:  0    Dex: 12    Spells: 4/4 levels left

rFire   . . .      SeeInvis .   a - +0 hand axe
rCold   . . .      Faith    .   (no shield)
rNeg    . . .      Spirit   .   d - +0 ring mail
rPois   +          Reflect  .   j - +0 helmet
rElec   .          Harm     .   (no cloak)
rCorr   .          Rampage  .   o - +0 pair of gloves
Will    .....                   (no boots)
Stlth   +.........              (no amulet)
HPRegen 0.14/turn               g - ring of poison resistance
MPRegen 0.09/turn               (no ring)

@: no status effects
A: hooves 1, slimy green scales 1, demonic guardian 1
a: Renounce Religion, Berserk, Trog's Hand


You were on level 4 of the Dungeon.
You worshipped Trog.
Trog was pleased with you.
You visited 1 branch of the dungeon, and saw 4 of its levels.

You collected 150 gold pieces.

Inventory:

Hand Weapons
 a - a +0 hand axe (weapon)
Missiles
 c - 2 throwing nets (quivered)
Armour
 d - a +0 ring mail (worn)
 j - a +0 helmet (worn)
 o - a +0 pair of gloves (worn)
Jewellery
 g - a ring of poison resistance (left hand)
Wands
 l - a wand of polymorph (4)
Scrolls
 b - a scroll of blinking {unknown}
 h - a scroll of magic mapping {unknown}
 i - a scroll of enchant weapon {unknown}
 k - a scroll of torment {unknown}
 n - a scroll of fear {unknown}
 p - a scroll of teleportation {unknown}
Potions
 e - a potion of flight {unknown}
 m - a potion of magic {unknown}


   Skills:
 + Level 3.8 Fighting
 + Level 3.7 Axes
 + Level 3.0 Armour
 + Level 2.4 Dodging
 + Level 0.8 Stealth


You had 4 spell levels left.
You didn't know any spells.
Your spell library was empty.

Dungeon Overview and Level Annotations

Branches:
Dungeon (4/15)
 Temple: D:4-7

Altars:

Annotations:
D:4 Eustachio


Innate Abilities, Weirdness & Mutations

You have large cloven feet.
You are partially covered in slimy green scales. (AC +2)
A weak demonic guardian rushes to your aid.


Message History

The shadow imp hits you but does no damage.
The white imp gestures at you. The puff of frost hits you!
Eustachio mumbles some strange words.
There are monsters nearby!
You feel better. The shadow imp barely misses you.
The white imp barely misses you. The quokka barely misses you.
Eustachio hits you with a +0 rapier.
You hit the shadow imp but do no damage.
You kick the shadow imp.
The shadow imp is severely wounded.
You hit the white imp but do no damage. You hit Eustachio. You miss the quokka.
The shadow imp hits you. The white imp hits you.
* * * LOW HITPOINT WARNING * * *
The white imp freezes you.
* * * LOW HITPOINT WARNING * * *
The quokka bites you but does no damage.
Eustachio hits you with a +0 rapier.
* * * LOW HITPOINT WARNING * * *
A demonic guardian appears!
Found a stone staircase leading up.
The shadow imp misses you. The white imp gestures at you.
The puff of frost hits you but does no damage.
The river rat closely misses you.
Found 17 gold pieces.
The shadow imp summons a swarm of flies.
The rat bites you but does no damage.
Your iron imp barely misses the river rat.
The quokka barely misses you.
Your iron imp hits Eustachio.
The quokka twitches its whiskers.
The shadow imp gestures at you. Pain shoots through your body!
* * * LOW HITPOINT WARNING * * *
A kobold comes into view. It is wielding a +0 short sword.
Found a scroll labelled PAIVADW FA TALET.
The shadow imp disappears in a puff of smoke!
The white imp gestures at you. The puff of frost hits you!
You die...

#.. .##..##
###..###........
#.....#.......8.
+..$..+...PP..8.
#....##..PP..8.
..##....#...PP..88
............PP....
........r...PP....
.###.##r##@.PPPPPP
###.##.##..PPPPPP
#.....@.5........
#.....5.........K
#.........#..<...
#...<.....#......
#.........#......
##.###..####..##.
## ##+#


You could see a white imp (summoned), a quokka (summoned) and a kobold.

Vanquished Creatures
  Ijyb (D:3)
  An orc wizard (D:3)
  Robin (D:2)
  3 adders
  2 dart slugs
  2 orcs (D:3)
  3 endoplasms
  3 giant cockroaches
  18 goblins
  9 hobgoblins
  4 kobolds
  A quokka (D:3)
  6 ball pythons
  6 bats
  4 frilled lizards
  4 rats
68 creatures vanquished.

Notes
Turn   | Place    | Note
-------+----------+-------------------------------------------
     0 | D:1      | Slyrak the Demonspawn Berserker began the quest for the
                  | Orb.
     0 | D:1      | Reached XP level 1. HP: 18/18 MP: 1/1
    42 | D:1      | Found a faded altar of an unknown god.
   353 | D:1      | Gained mutation: You have large cloven feet. [demonic
                  | ancestry]
   353 | D:1      | Reached XP level 2. HP: 22/24 MP: 2/2
  1609 | D:2      | Reached XP level 3. HP: 16/29 MP: 3/3
  1754 | D:2      | Reached ** piety under Trog
  1805 | D:2      | Noticed Robin
  1833 | D:2      | Killed Robin
  2257 | D:2      | Gained mutation: You are partially covered in slimy green
                  | scales. (AC +2) [demonic ancestry]
  2257 | D:2      | Reached XP level 4. HP: 37/37 MP: 4/4
  3162 | D:3      | Noticed Ijyb
  3202 | D:3      | Killed Ijyb
  3591 | D:3      | Gained mutation: A weak demonic guardian rushes to your
                  | aid. [demonic ancestry]
  3591 | D:3      | Reached XP level 5. HP: 29/42 MP: 5/5
  3885 | D:4      | Noticed Eustachio
  3904 | D:4      | Killed from afar by a white imp

Illustrated notes

Levels and vault maps discovered:
D:1:      dpeg_arrival_lava_temple_mockup, layout_basic,
          hellmonk_ecumenical_altar_run_dry
D:2:      layout_basic, uniq_robin
D:3:      kennysheep_the_goblin_king, layout_rooms
D:4:      layout_gridville, mainiacjoe_overflow_chevrons,
          nicolae_ru_sacrificial_ziggurat, uniq_eustachio

Skill      XL: |  1  2  3  4  5 |
---------------+----------------+-----
Armour         | 2 3 |  3.0
Axes           | 3 |  3.7
Dodging        | 2 |  2.4
Fighting       | |  3.8
Stealth        | |  0.8

Action                   |  1- 3 |  4- 6 || total
-------------------------+-------+-------++-------
Melee: Hand axe          |    96 |    70 ||   166
       Punch             |     1 |     1 ||     2
       Kick              |    17 |    18 ||    35
       Unarmed           |       |     7 ||     7
  Use: Potion            |     2 |     1 ||     3
       Scroll            |     1 |       ||     1
 Stab: Sleeping          |     1 |       ||     1
Armor: Animal skin       |     2 |       ||     2
       Ring mail         |    48 |    53 ||   101
       Skin              |       |     2 ||     2
Dodge: Dodged            |    85 |    82 ||   167
